 Dungeon Crawl Stone Soup version 0.28-a0-1404-g4df0f3684d (webtiles) character file.

Game seed: 3691894324340054426

6 lonewolfV2 the Skirmisher (level 1, -1/19 HPs)
             Began as a Palentonga Fighter on Jan 5, 2022.
             Slain by a gnoll (11 damage)
             ... on level 1 of the Dungeon.
             The game lasted 00:00:19 (317 turns).

lonewolfV2 the Skirmisher (Palentonga Fighter)       Turns: 317, Time: 00:00:19

Health: -1/19      AC:  6    Str: 19    XL:     1   Next: 75%
Magic:  1/1        EV:  7    Int:  8    God:
Gold:   29         SH:  4    Dex:  9    Spells: 0/0 levels left

rFire   . . .      SeeInvis +   a - +0 war axe
rCold   . . .      Faith    .   c - +0 buckler
rNeg    . . .      Spirit   .   b - +0 scale mail
rPois   .          Reflect  .   (no helmet)
rElec   .          Harm     .   (no cloak)
rCorr   .          Rampage  .   (no gloves)
Will    .....                   (no barding)
Stlth   ..........              (no amulet)
HPRegen 0.06/turn               (no ring)
MPRegen 0.07/turn               (no ring)

@: no status effects
A: large, rugged brown scales 3, see invisible, deformed body, roll 1, armoured
tail
a: Rolling Charge


You were on level 1 of the Dungeon.
You visited 1 branch of the dungeon, and saw 1 of its levels.

You collected 29 gold pieces.

Inventory:

Hand Weapons
 a - a +0 war axe (weapon)
Armour
 b - a +0 scale mail (worn)
 c - a +0 buckler (worn)
Potions
 d - a potion of might
 e - a potion of cancellation {unknown}


   Skills:
 + Level 3.1 Fighting
 + Level 2.0 Axes
 + Level 2.5 Armour
 + Level 2.5 Shields


You couldn't memorise any spells.
You didn't know any spells.
Your spell library was empty.

Dungeon Overview and Level Annotations

Branches:
Dungeon (1/15)

Altars:


Innate Abilities, Weirdness & Mutations

You are completely covered in rugged brown scales. (AC +3, +7% HP)
You have supernaturally acute eyesight. (SInv)
Armour fits poorly on your strangely shaped body.
You can roll at nearby foes to attack.
You have a long armoured tail.


Message History

Things that are here:
a +0 club; a goblin corpse The ball python completely misses you.
The ball python bites you but does no damage.
You slash the ball python!
You kill the ball python!
You see here a ball python corpse.
You now have 22 gold pieces (gained 11).
Found 15 stones.
A rat comes into view.
Found 7 gold pieces.
A rat is nearby!
You closely miss the rat.
Your tail-slap misses the rat.
You block the rat's attack.
Found a stone staircase leading down.
The rat barely misses you. The rat bites you.
You closely miss the rat. The rat bites you but does no damage.
You block the rat's attack.
You hit the rat.
You kill the rat!
Found a glowing cyan potion.
You now have 29 gold pieces (gained 7).
e - a glowing cyan potion
Found 22 stones.
You see here 22 stones.
Found 5 poisoned darts.
You see here 5 poisoned darts.
Found a robe.
You see here a +0 robe.
A gnoll comes into view. It is wielding a +0 flail.
Found 5 large rocks and a club.
A gnoll is nearby!
You hit the gnoll.
The gnoll is lightly wounded.
The gnoll hits you with a +0 flail!
You slash the gnoll!
The gnoll is almost dead.
The gnoll completely misses you. The gnoll hits you with a +0 flail!
Ouch! That really hurt!
You die...

.........#.....################
#P# #P# #.....#.. P..P ?.P
#.#.#.#.# ##### ##.# #P#
#...#.#.#......
.........#...#.#.#..)...
P#.#.#.#P#.#.#.#.#......
)........#.#.#.#(#......
##P###P###.....#g.......
.........#.....#@.......
...............#........
........................
#####.#.########.#......
...##.#.#........#..#...
....#.#..........#......
....#.##.......... ..###
....#.....#####... ..#
###.#.#.#.## #.... .#


You could see a gnoll.

Vanquished Creatures
  A ball python (D:1)
  A bat (D:1)
  A goblin (D:1)
  A hobgoblin (D:1)
  A rat (D:1)
5 creatures vanquished.

Notes
Turn   | Place    | Note
-------+----------+-------------------------------------------
     0 | D:1      | lonewolfV2 the Palentonga Fighter began the quest for the
                  | Orb.
     0 | D:1      | Reached XP level 1. HP: 19/19 MP: 1/1
   317 | D:1      | Slain by a gnoll

Illustrated notes

Levels and vault maps discovered:
D:1:      lightli_iron_boxes, layout_basic,
          shapermc_ecumenical_altar_mp_urbaneastern

Action                   || total
-------------------------++-------
Melee: War axe           ||    10
Armor: Scale mail        ||     7
Dodge: Dodged            ||     8
Block: Buckler           ||     3

Table legend: (Time is in decaauts)
 A = Elapsed time spent in this place.
 B = Non-inter-level travel time spent in this place.
 C = Inter-level travel time spent in this place.
 D = Time resting spent in this place.
 E = Time spent auto-exploring this place.
 F = Levels seen in this place.
 G = Mean time per level.
                   A        B        C        D        E       F      G
               +--------+--------+--------+--------+--------+-----+--------+
         Total |    320 |    320 |      0 |      0 |    263 |   1 |  320.0 |
       Dungeon |    320 |    320 |      0 |      0 |    263 |   1 |  320.0 |
               +--------+--------+--------+--------+--------+-----+--------+

Top non-repeatable levels by time:
     D:1: 320 daAuts
